 Dungeon Crawl Stone Soup version 0.31-a0-675-g238779eb0a (webtiles) character file.

Game seed: 8882468809919742793

751 qw the Skirmisher (level 7, -3/44 HPs)
             Began as a Gargoyle Hunter on Sept 5, 2023.
             Was an Initiate of Okawaru.
             Slain by an ogre
             ... wielding a +0 giant club
              (8 damage)
             ... on level 6 of the Dungeon.
             The game lasted 00:01:51 (4836 turns).

qw the Skirmisher (Gargoyle Hunter)                 Turns: 4836, Time: 00:01:51

Health: -3/44      AC: 16    Str: 15    XL:     7   Next: 78%
Magic:  7/7        EV: 11    Int: 12    God:    Okawaru [......]
Gold:   285        SH:  0    Dex: 15    Spells: 6/6 levels left

rFire   . . .        Y - +0 shortbow
rCold   + . .        (shield currently unavailable)
rNeg    + . .        j - +0 ring mail
rPois   inf          p - +2 helmet {Int+3}
rElec   +            (no cloak)
rCorr   .            i - +1 pair of gloves
SInv    .            c - +0 pair of boots
Will    +....        (no amulet)
Stlth   +            g - ring of protection from cold
HPRegen 0.27/turn    k - ring of willpower
MPRegen 0.10/turn

%: no passive effects
@: no status effects
A: sickness immunity, AC +4, negative energy resistance 1, electricity
resistance, torment resistance 1, petrification resistance
a: Renounce Religion


You were on level 6 of the Dungeon.
You worshipped Okawaru.
Okawaru was noncommittal.
You visited 2 branches of the dungeon, and saw 7 of its levels.

You collected 285 gold pieces.


Innate Abilities, Weirdness & Mutations

You are immune to sickness and miasma.
Your stone body is resilient. (AC +4)
You are immune to poison.
You resist negative energy. (rN+)
You are resistant to electric shocks. (rElec)
You are resistant to unholy torment.
You are immune to petrification.


   Skills:
 + Level 4.5 Fighting
 - Level 8.0 Ranged Weapons
 - Level 3.0 Armour
 - Level 1.5 Dodging
 - Level 1.1 Stealth


You had 6 spell levels left.
You didn't know any spells.
Your spell library was empty.

Inventory:

Hand Weapons
 Y - a +0 shortbow (weapon)
Armour
 c - a +0 pair of boots (worn)
 i - a +1 pair of gloves (worn)
 j - a +0 ring mail (worn)
 p - a +2 helmet of intelligence (worn)
Jewellery
 b - a ring of resist corrosion
 g - a ring of protection from cold (left hand)
 k - a ring of willpower (right hand)
Scrolls
 e - a scroll of identify
Potions
 d - a potion of might
 f - a potion of mutation
 h - 3 potions of curing
 m - a potion of enlightenment

Dungeon Overview and Level Annotations

Branches:
Dungeon (6/15)             Temple (1/1) D:5

Altars:
Ashenzari
Cheibriados
Dithmenos
Elyvilon
Fedhas
Hepliaklqana
Kikubaaqudgha
Nemelex Xobeh
Okawaru
Qazlal
Sif Muna
Wu Jian
Xom
Yredelemnul
Zin
The Shining One

Annotations:
D:6 Pikel


Message History

You shoot an arrow. The arrow hits the lemure!
The lemure is moderately wounded.
The lemure hits you but does no damage. The lemure hits you.
You shoot an arrow. The arrow hits the lemure.
The lemure is moderately wounded.
The lemure misses you. The lemure hits you but does no damage.
You shoot an arrow.
The arrow hits the lemure but does no damage.
The lemure is moderately wounded.
The lemure barely misses you. The ogre hits you but does no damage.
The lemure hits you but does no damage.
You shoot an arrow. The arrow hits the lemure.
The lemure is heavily wounded.
The lemure barely misses you. The lemure hits you but does no damage.
Pikel cracks his whip.
The ogre hits you with a +0 giant club!
You shoot an arrow. The arrow hits the lemure!
The lemure is almost dead.
The lemure barely misses you. The lemure closely misses you.
The ogre barely misses you.
You shoot an arrow. The arrow closely misses Pikel.
The arrow hits the lemure.
The lemure is almost dead.
The lemure hits you but does no damage. The lemure barely misses you.
You shoot an arrow. The arrow barely misses Pikel.
The arrow hits the lemure.
You kill the lemure!
That felt strangely unrewarding.
Pikel barely misses you. The ogre hits you with a +0 giant club.
The lemure barely misses you. Pikel hits you but does no damage.
You shoot an arrow. The arrow completely misses Pikel.
The ogre hits you but does no damage. The lemure closely misses you.
Pikel barely misses you.
You shoot an arrow. The arrow closely misses Pikel.
The lemure hits you but does no damage. Pikel completely misses you.
You shoot an arrow. The arrow closely misses Pikel.
The ogre closely misses you. The lemure barely misses you.
Pikel hits you but does no damage.
You shoot an arrow. The arrow hits Pikel.
Pikel is lightly wounded.
The ogre hits you with a +0 giant club!
You die...

###########
#@K..<....#
#O5.......#
#...<.....#
+.........#
#.........#
###########


You could see Pikel, an ogre and a lemure.

Vanquished Creatures
  Sigmund (D:4)
  An ice beast (D:4)
  3 ogres
  3 lemures
  A scorpion (D:4)
  Ijyb (D:3)
  Robin (D:4)
  6 adders
  2 worms
  4 dart slugs
  3 orcs (D:3)
  9 endoplasms
  2 giant cockroaches
  8 goblins
  5 hobgoblins
  9 jackals
  6 kobolds
  7 quokkas
  9 ball pythons
  6 bats
  A frilled lizard (D:1)
  11 rats
99 creatures vanquished.

Notes
Turn   | Place    | Note
-------+----------+-------------------------------------------
     0 | D:1      | qw the Gargoyle Hunter began the quest for the Orb.
     0 | D:1      | Reached XP level 1. HP: 12/12 MP: 1/1
     0 | D:1      | 0 ||| qw: Version: 0.3-a-75-g829b12e
     0 | D:1      | 0 ||| qw: Game counter: 68
     0 | D:1      | 0 ||| qw: Melee chars always use a shield: true
     0 | D:1      | 0 ||| qw: God list: Okawaru
     0 | D:1      | 0 ||| qw: Allow faded altars: false
     0 | D:1      | 0 ||| qw: Do Orc after clearing Dungeon:15 true
     0 | D:1      | 0 ||| qw: Do second Lair branch before Depths: true
     0 | D:1      | 0 ||| qw: Lair rune preference: random
     0 | D:1      | 0 ||| qw: Goals: Normal
     0 | D:1      | 0 ||| PLANNING D:1-11
   145 | D:1      | Reached XP level 2. HP: 17/17 MP: 2/2
   552 | D:1      | Found a faded altar of an unknown god.
   668 | D:1      | Reached XP level 3. HP: 21/21 MP: 3/3
   800 | D:1      | Reached skill level 5 in Ranged Weapons
   957 | D:1      | 957 ||| UPGRADING to +0 pair of gloves.
   962 | D:1      | 962 ||| UPGRADING to +0 ring mail.
   972 | D:1      | 972 ||| DROPPING +0 leather armour.
   973 | D:1      | 973 ||| READING scroll labelled YSEAVI MOSTOICW.
   974 | D:1      | 974 ||| READING 3 scrolls labelled VUREXTAUPTUA.
   975 | D:1      | 975 ||| READING scroll labelled QOUPAT XUGYOCI.
   976 | D:1      | 976 ||| READING 2 scrolls of identify.
   976 | D:1      | 976 ||| IDENTIFYING smoky green potion
   977 | D:1      | 977 ||| DROPPING scroll of butterflies.
  1063 | D:2      | Reached skill level 1 in Armour
  1148 | D:2      | 1148 ||| FLEEEEING.
  1149 | D:2      | 1149 ||| FLEEEEING.
  1150 | D:2      | 1150 ||| FLEEEEING.
  1151 | D:2      | 1151 ||| FLEEEEING.
  1156 | D:2      | 1156 ||| FLEEEEING.
  1157 | D:2      | 1157 ||| STAIRDANCE
  1170 | D:1      | 1170 ||| READING scroll labelled CIEBLE SOFOHO.
  1171 | D:1      | 1171 ||| READING scroll labelled LAARHOY ZYOSH.
  1172 | D:1      | 1172 ||| READING scroll labelled NASUDI ZOAMASH.
  1173 | D:1      | 1173 ||| READING 2 scrolls of identify.
  1173 | D:1      | 1173 ||| IDENTIFYING blue potion
  1176 | D:2      | 1176 ||| STAIRDANCE
  1379 | D:2      | Reached XP level 4. HP: 17/27 MP: 4/4
  1427 | D:2      | Reached skill level 3 in Fighting
  1528 | D:2      | 1528 ||| UPGRADING to +0 helmet.
  1533 | D:2      | 1533 ||| UPGRADING to amulet of guardian spirit.
  1538 | D:2      | 1538 ||| READING scroll labelled JABOEB BIME.
  1659 | D:3      | 1659 ||| FLEEEEING.
  1660 | D:3      | 1660 ||| FLEEEEING.
  1661 | D:3      | 1661 ||| FLEEEEING.
  1662 | D:3      | 1662 ||| FLEEEEING.
  1850 | D:3      | Noticed an ogre
  1859 | D:3      | Killed an ogre
  1860 | D:3      | Reached skill level 6 in Ranged Weapons
  1860 | D:3      | Reached XP level 5. HP: 32/32 MP: 5/5
  2280 | D:3      | 2280 ||| UPGRADING to ring of protection from cold.
  2281 | D:3      | 2281 ||| UPGRADING to ring of willpower.
  2282 | D:3      | 2282 ||| READING scroll labelled ZIOJA POROL.
  2287 | D:3      | 2287 ||| DRINKING 2 purple potions.
  2292 | D:4      | Noticed Ijyb
  2297 | D:4      | 2297 ||| STAIRDANCE
  2320 | D:4      | 2320 ||| STAIRDANCE
  2334 | D:3      | HP: 8/32 [Ijyb/+2 dagger of holy wrath (2)]
  2339 | D:3      | HP: 6/32 [Ijyb/+2 dagger of holy wrath (3)]
  2344 | D:3      | HP: 4/32 [Ijyb/+2 dagger of holy wrath (1)]
  2346 | D:3      | Killed Ijyb
  2349 | D:3      | HP: 5/33 [hobgoblin (1)]
  2350 | D:3      | HP: 2/33 [hobgoblin (3)]
  2536 | D:4      | 2536 ||| READING scroll of enchant armour.
  2536 | D:4      | 2536 ||| ENCHANTING +0 pair of gloves.
  2564 | D:4      | Found a broken altar of Ashenzari.
  2603 | D:4      | Reached XP level 6. HP: 29/39 MP: 4/6
  2646 | D:4      | Found an ancient bone altar of Kikubaaqudgha.
  2749 | D:4      | Noticed an ice beast
  2769 | D:4      | Killed an ice beast
  2801 | D:4      | Noticed Sigmund
  2810 | D:4      | Killed Sigmund
  2811 | D:4      | Reached skill level 7 in Ranged Weapons
  2811 | D:4      | Reached XP level 7. HP: 43/44 MP: 7/7
  3105 | D:4      | Noticed Robin
  3129 | D:4      | Killed Robin
  3270 | D:4      | 3270 ||| UPGRADING to +2 helmet of intelligence.
  3280 | D:4      | 3280 ||| DROPPING +0 helmet.
  3281 | D:4      | 3281 ||| READING 2 scrolls labelled QITAUN JIUS.
  3282 | D:4      | 3282 ||| READING scroll labelled HIUKEW MESM.
  3311 | D:4      | 3311 ||| DRINKING 2 fizzy purple potions.
  3312 | D:4      | 3312 ||| READING 3 scrolls of identify.
  3312 | D:4      | 3312 ||| IDENTIFYING puce potion
  3313 | D:4      | 3313 ||| READING 2 scrolls of identify.
  3313 | D:4      | 3313 ||| IDENTIFYING clear potion
  3314 | D:4      | 3314 ||| DROPPING potion of berserk rage.
  3315 | D:4      | 3315 ||| DROPPING scroll of immolation.
  3335 | D:5      | Entered Level 5 of the Dungeon
  3336 | D:5      | 3336 ||| PLANNING SEWER
  3357 | D:5      | Found a basalt altar of Yredelemnul.
  3561 | D:5      | Reached skill level 3 in Armour
  3721 | D:5      | Found a staircase to the Ecumenical Temple.
  3898 | D:5      | HP: 9/44 [ogre/+0 giant spiked club (17)]
  3899 | D:5      | 3899 ||| DRINKING potion of heal wounds.
  4109 | D:5      | 4109 ||| RIP SEWER
  4148 | D:5      | 4148 ||| PLANNING TEMPLE
  4148 | D:5      | 4148 ||| UPGRADING to +0 pair of boots.
  4204 | Temple   | Entered the Ecumenical Temple
  4205 | Temple   | 4205 ||| PLANNING OKAWARU WORSHIP
  4212 | Temple   | Became a worshipper of Warmaster Okawaru
  4213 | Temple   | 4213 ||| PLANNING D:1-11
  4213 | Temple   | 4213 ||| REMOVING amulet of guardian spirit.
  4218 | Temple   | 4218 ||| DROPPING amulet of guardian spirit.
  4506 | D:5      | 4506 ||| Stepping ~*~*~tactically~*~*~ (water).
  4531 | D:5      | Reached skill level 8 in Ranged Weapons
  4706 | D:6      | Noticed Pikel
  4707 | D:6      | 4707 ||| STAIRDANCE
  4822 | D:6      | 4822 ||| Stepping ~*~*~tactically~*~*~ (retreating).
  4823 | D:6      | 4823 ||| Stepping ~*~*~tactically~*~*~ (retreating).
  4824 | D:6      | 4824 ||| Stepping ~*~*~tactically~*~*~ (retreating).
  4825 | D:6      | 4825 ||| Stepping ~*~*~tactically~*~*~ (retreating).
  4829 | D:6      | HP: 6/44 [ogre/+0 giant club (15)]
  4836 | D:6      | Slain by an ogre

Levels and vault maps discovered:
D:1:      minmay_arrival_shoal_huts, layout_basic,
          shapermc_ecumenical_altar_acropolis, chequers_serial_rivers_micro_b,
          minmay_misc_feat_tower
D:2:      layout_rooms, minmay_crystal_room, st_stairs_9,
          chequers_serial_rivers_micro_a
D:3:      layout_basic, grunt_decor_resistance
D:4:      layout_loops_ring, mainiacjoe_overflow_catch_the_wave, uniq_sigmund,
          uniq_robin, uniq_ijyb
D:5:      layout_basic, lemuel_round_altar,
          minmay_temple_entry_drinking_statues, gup_sewer_entry_bubbles,
          serial_co_window_serial, co_window_paths_a, co_window_corner_a,
          co_window_corner_a, co_window_corner_a, co_window_cross_1,
          co_window_corner_ca, co_window_2corner, co_window_broadway_a,
          co_window_of_opportunity_b, co_window_broadway_b, co_window_4corner_a,
          co_window_4corner_b
D:6:      layout_gridville, lemuel_crystal_altar, serial_shops, shop,
          uniq_pikel, uniq_grinder
Temple:   hellmonk_temple_forest_ring

Skill      XL: |  1  2  3  4  5  6  7 |
---------------+----------------------+-----
Ranged Weapons | 5 6 7 8 |  8.0
Armour         | 1 3 |  3.0
Fighting       | 3 4 |  4.5
Dodging        | |  1.5
Stealth        | |  1.1

Action                     |  1- 3 |  4- 6 |  7- 9 || total
---------------------------+-------+-------+-------++-------
   Fire: Shortbow          |   116 |   172 |   132 ||   420
    Use: Scroll            |     8 |     3 |     4 ||    15
         Potion            |       |     1 |     2 ||     3
 Armour: Leather armour    |     8 |       |       ||     8
         Ring mail         |    19 |    81 |    89 ||   189
  Dodge: Dodged            |    17 |    72 |    59 ||   148

Table legend:
 A = Non-vault XP
 B = Vault XP
 C = Vault XP percentage of total XP
 D = Non-vault monster count
 E = Vault monster count
 F = Vault count percentage of total count
                 A         B        C        D         E       F
            +---------+---------+-------+---------+---------+-------
      Total |     768 |     305 |  28.4 |      79 |      17 |  17.7
            +---------+---------+-------+---------+---------+-------
        D:1 |      50 |       0 |   0.0 |      29 |       0 |   0.0
        D:2 |      32 |       7 |  17.9 |      12 |       2 |  14.3
        D:3 |     167 |      36 |  17.7 |      15 |       1 |   6.2
        D:4 |     252 |     250 |  49.8 |      18 |       8 |  30.8
        D:5 |     267 |      12 |   4.3 |       5 |       6 |  54.5
            +---------+---------+-------+---------+---------+-------
